Map: Oxide LE

Players

mcbona - Winner!

  • Race: Terran Terran
  • League: Platinum

Massa

  • Race: Terran Terran
  • League: Platinum

VOD

Have the link to the VOD?

Description

Time

  • Played on: April 20, 2021, 12:41 p.m.
  • Length: 16:37
Show
View Real Time Build Order
Export as new Build Order

mcbona Terran - Winner!

Build Orders: Liberator Opening 

Get SALT Encoding   

  12  0:00  SCV  
  13  0:12  SCV  
  14  0:18  Supply Depot  
  14  0:24  SCV  
  15  0:34  Refinery  
  15  0:39  SCV  
  16  0:46  Barracks  
  16  0:51  SCV  
  17  1:03  Refinery, SCV  
  18  1:16  SCV  
  19  1:33  Reaper  
  19  1:38  Orbital Command  
  20  1:41  Factory  
  20  1:59  Supply Depot  
  20  2:05  Reaper  
  21  2:12  SCV  
  22  2:24  SCV  
  22  2:26  Hellion  
  25  2:32  Command Center  
  25  2:43  Reaper  
  26  2:47  SCV  
  26  2:49  Supply Depot  
  27  2:53  Factory Tech Lab  
  27  2:58  Starport  
  27  3:01  SCV  
  28  3:13  SCV  
  28  3:16  Siege Tank  
  32  3:25  SCV  
  29  3:37  Marine  
  30  3:42  Supply Depot  
  30  3:44  Liberator  
  33  3:56  Supply Depot  
  33  3:58  Orbital Command  
  33  3:59  SCV  
  33  4:10  Marine, Siege Tank  
  33  4:11  SCV  
  36  4:23  SCV  
  37  4:28  Marine  
  38  4:34  SCV  
  38  4:35  SCV  
  40  4:46  SCV, Marine  
  40  4:47  SCV  
  40  4:51  Engineering Bay  
  43  4:57  Command Center  
  43  4:58  SCV  
  45  5:00  SCV  
  45  5:04  Marine  
  46  5:07  Refinery  
  46  5:10  SCV  
  46  5:12  SCV  
  48  5:19  Missile Turret  
  48  5:21  Marine  
  48  5:22  Missile Turret  
  48  5:23  SCV, Terran Infantry Weapons Level 1  
  48  5:24  SCV  
  51  5:30  Starport Reactor  
  51  5:35  SCV  
  52  5:36  SCV  
  52  5:39  Marine  
  53  5:47  SCV  
  53  5:48  SCV  
  55  5:52  Supply Depot  
  54  5:57  Marine  
  54  5:59  SCV  
  54  6:00  SCV  
  58  6:11  SCV  
  58  6:12  SCV  
  58  6:17  Orbital Command  
  58  6:20  Viking x2  
  58  6:21  Marine  
  58  6:23  SCV  
  58  6:24  SCV  
  59  6:36  Barracks  
  59  6:37  Barracks  
  59  6:39  Barracks, Marine  
  60  6:40  Barracks  
  60  6:42  Cyclone  
  60  6:43  SCV  
  60  6:44  SCV x2  
  63  6:55  SCV  
  63  6:56  SCV x2  
  63  6:57  Marine  
  67  7:08  SCV x3  
  70  7:12  Viking x2  
  70  7:15  Marine  
  75  7:17  Orbital Command, Engineering Bay  
  75  7:20  SCV x2  
  73  7:32  SCV  
  73  7:33  Marine  
  73  7:35  Terran Infantry Armor Level 1  
  75  7:37  Armory  
  75  7:38  Missile Turret  
  75  7:39  Barracks Tech Lab, Engineering Bay  
  75  7:42  Barracks Tech Lab  
  75  7:43  Barracks Reactor  
  75  7:44  Missile Turret  
  75  7:45  Barracks Reactor  
  75  7:49  Siege Tank  
  75  7:50  Marine  
  80  7:51  SCV  
  80  8:09  Refinery  
  80  8:12  Refinery  
  81  8:13  Refinery, Barracks Reactor  
  81  8:15  Stimpack  
  79  8:31  SCV x3  
  82  8:37  Marine  
  82  8:38  Marine x5  
  88  8:43  SCV x2  
  88  8:44  SCV  
  90  8:55  SCV x2  
  92  9:08  SCV x3  
  91  9:17  Terran Infantry Weapons Level 2, Supply Depot  
  91  9:18  Supply Depot  
  91  9:19  Supply Depot x2  
  91  9:20  SCV x2  
  91  9:21  Supply Depot x2  
  91  9:23  Supply Depot x2  
  93  9:25  Terran Vehicle Weapons Level 1  
  93  9:31  Terran Infantry Armor Level 2  
  93  9:34  Hi-Sec Auto Tracking  
  93  9:38  Medivac x2  
  93  9:39  SCV, Siege Tank  
  93  9:40  SCV  
  93  9:44  Supply Depot  
  102  9:50  Factory  
  102  9:57  Marine x2  
  102  9:58  Marine x6  
  110  10:15  Marine x3  
  92  10:26  Marine x4  
  92  10:27  Marine  
  92  10:33  Marine x3  
  94  10:44  Marine x5  
  94  10:46  Factory Tech Lab  
  94  10:47  Siege Tank  
  102  10:51  Marine x3  
  105  11:02  Marine x4  
  109  11:07  Command Center  
  109  11:08  Siege Tank  
  109  11:10  Neosteel Armor  
  109  11:11  Barracks x2, Marine x3  
  112  11:12  Barracks, Marine  
  116  11:19  Marine, Siege Tank  
  116  11:20  Marine x2  
  116  11:21  SCV x3, Command Center  
  125  11:31  Medivac  
  125  11:32  Medivac  
  129  11:33  SCV x3  
  129  11:38  Marine x2  
  129  11:39  Marine x3  
  137  11:40  Siege Tank  
  140  11:52  Sensor Tower, Marine x2, Siege Tank  
  145  11:55  Sensor Tower  
  145  12:01  Medivac x2  
  145  12:07  Barracks Reactor x2  
  149  12:12  Siege Tank  
  152  12:24  Siege Tank  
  152  12:28  Planetary Fortress  
  155  12:31  Medivac  
  157  12:37  Planetary Fortress  
  160  12:44  Siege Tank  
  160  12:53  Refinery  
  160  12:54  Terran Infantry Weapons Level 3  
  160  12:56  Refinery, Marine x2, Siege Tank  
  160  12:57  Marine x6  
  160  12:58  Marine x2  
  173  13:08  Medivac  
  173  13:12  Medivac  
  177  13:16  Siege Tank  
  177  13:18  Marine  
  177  13:19  Marine x6  
  187  13:28  Terran Infantry Armor Level 3, Supply Depot x2  
  187  13:29  Supply Depot  
  187  13:31  Supply Depot x2  
  187  13:32  Supply Depot  
  187  13:33  Supply Depot  
  187  13:49  Marine x8  
  187  13:50  Marine x5  
  187  13:54  Supply Depot  
  197  13:55  Siege Tank  
  197  14:07  Marine x8  
  197  14:08  Marine x5  
  189  14:25  Marine x13  
  196  14:31  Siege Tank  
  199  14:43  Marine x2  
  153  15:00  Siege Tank  
  153  15:02  Marine x13  
  153  15:03  Siege Tank  
  153  15:05  Medivac x2  
  176  15:19  Marine  
  176  15:20  Marine x12  
  177  15:32  Siege Tank  
  177  15:35  Medivac  
  173  15:36  Siege Tank  
  173  15:37  Marine  
  173  15:38  Marine x4  
  181  15:46  Marine x3  
  181  15:47  Marine x2  
  184  15:56  Marine x2  
  184  15:57  Marine x5  
  181  16:04  Siege Tank  
Show
View Real Time Build Order
Export as new Build Order

Massa Terran 

Build Orders:  

Get SALT Encoding   

  12  0:00  SCV  
  13  0:12  SCV  
  14  0:22  Supply Depot  
  14  0:24  SCV  
  15  0:29  Refinery  
  15  0:43  SCV  
  15  0:48  Barracks  
  16  0:59  SCV  
  17  1:11  SCV  
  18  1:23  SCV  
  19  1:35  SCV  
  19  1:36  Reaper  
  21  1:42  Command Center  
  21  1:51  Orbital Command  
  21  2:04  Factory  
  21  2:08  Reaper  
  22  2:16  Supply Depot  
  22  2:18  SCV  
  23  2:38  SCV  
  23  2:40  Reaper  
  24  2:48  Hellion  
  24  2:51  SCV  
  27  2:54  Refinery  
  27  2:57  Orbital Command  
  27  3:11  Starport  
  27  3:21  Barracks Tech Lab  
  27  3:39  SCV x2  
  29  3:45  Factory Tech Lab  
  29  3:51  SCV x2  
  29  3:58  Barracks Reactor  
  29  4:03  SCV x2  
  29  4:22  SCV x2  
  31  4:34  SCV  
  32  4:41  Engineering Bay  
  32  4:42  Banshee  
  32  4:44  Cloaking Field  
  35  4:46  Marine x2  
  35  4:49  Barracks  
  37  4:55  Barracks x2  
  37  4:56  SCV x2  
  39  5:04  Marine x2  
  39  5:05  Siege Tank  
  44  5:08  SCV x2  
  46  5:24  SCV  
  45  5:31  Supply Depot x2  
  45  5:32  Supply Depot x2  
  45  5:33  Supply Depot  
  45  5:39  Barracks Tech Lab  
  45  5:40  Marine x2  
  45  5:41  Refinery  
  46  5:42  Refinery  
  46  5:52  Banshee  
  46  5:54  Barracks Tech Lab  
  49  5:58  Marine x2  
  50  6:16  Marine x2  
  52  6:20  SCV x2  
  54  6:27  Siege Tank  
  54  6:30  Marauder x2, Marine  
  54  6:32  SCV x2  
  64  6:33  Marine  
  64  6:34  Marine  
  66  6:44  SCV x2  
  68  6:48  Marine  
  68  6:51  Marauder, Marine  
  72  7:10  Marauder, Marine x2  
  72  7:11  Raven, Marine  
  72  7:13  Marauder  
  81  7:20  Missile Turret  
  78  7:37  Missile Turret x2  
  78  7:38  SCV, Missile Turret  
  78  7:39  SCV  
  80  7:46  Command Center  
  80  7:47  Armory, Marauder  
  80  7:48  Marauder, Marine  
  80  7:50  Stimpack  
  80  7:51  SCV  
  86  8:00  Supply Depot  
  86  8:04  Supply Depot  
  86  8:06  Combat Shield  
  86  8:21  Marine x3  
  86  8:22  SCV, Marauder x2  
  86  8:26  SCV  
  95  8:32  Supply Depot  
  95  8:33  Supply Depot  
  95  8:36  Terran Infantry Weapons Level 1, Supply Depot  
  95  8:37  Terran Vehicle And Ship Armor Level 1, Supply Depot x2  
  95  8:39  Marine x2  
  97  8:42  Barracks Reactor  
  97  8:43  Marauder, Marine  
  91  9:17  SCV x2  
  93  9:28  Missile Turret  
  93  9:29  SCV  
  93  9:30  SCV  
  95  9:41  SCV  
  95  9:42  SCV  
  97  9:52  Planetary Fortress  
  97  9:54  SCV  
  97  9:55  SCV  
  99  10:01  Missile Turret  
  99  10:06  SCV  
  100  10:07  SCV  
  101  10:18  SCV  
  101  10:19  SCV  
  67  10:31  SCV x2  
  59  10:42  Marauder x2  
  62  10:43  Marine x4  
  62  10:45  Siege Tank  
  70  10:57  SCV x3, Barracks  
  70  10:58  Refinery  
  70  11:00  Refinery, Terran Infantry Weapons Level 2, Marine  
  70  11:01  Starport Reactor, Marine x3  
  70  11:03  Engineering Bay  
  70  11:04  Marauder x2  
  80  11:08  Terran Vehicle And Ship Armor Level 2  
  80  11:09  SCV x2  
  82  11:14  Command Center  
  82  11:17  Siege Tank  
  85  11:18  Marine  
  85  11:19  Marine x3  
  85  11:25  Barracks, Marauder x2  
  93  11:27  Barracks  
  93  11:32  Terran Infantry Armor Level 1  
  93  11:33  Sensor Tower  
  93  11:34  Sensor Tower  
  93  11:36  Marine  
  93  11:37  Marine x3  
  97  11:44  Medivac x2  
  97  11:46  Marauder x2  
  107  11:47  Marauder  
  107  11:49  Siege Tank  
  107  11:50  Concussive Shells  
  110  11:54  Marine x4  
  114  12:08  Marauder x3, Sensor Tower  
  120  12:14  Medivac x2  
  124  12:21  Missile Turret  
  124  12:27  Barracks Reactor, Barracks Tech Lab  
  124  12:41  Missile Turret  
  124  12:44  Marauder x3, Marine  
  130  12:45  Marine x4  
  130  12:48  Siege Tank  
  130  12:50  Missile Turret  
  130  12:51  Missile Turret  
  142  12:53  Viking x2  
  142  13:00  Sensor Tower  
  142  13:02  Marine x2  
  142  13:03  Marine x2  
  142  13:05  Starport, Marauder x3  
  152  13:09  Starport  
  152  13:17  Planetary Fortress  
  152  13:20  Siege Tank  
  152  13:23  Viking  
  152  13:26  Marauder  
  159  13:28  SCV x3  
  159  13:31  Refinery  
  159  13:32  Refinery  
  162  13:40  SCV x3  
  116  14:32  Marauder x4, Marine  
  125  14:44  Viking x2  
  108  14:53  Marauder  
  108  14:54  Marauder x2  
  108  14:59  Marauder  
  84  15:00  Marine x5  
  84  15:01  Marine  
  84  15:05  Siege Tank  
  93  15:09  SCV x4  
  97  15:14  Viking x2  
  97  15:15  Marauder x3  
  97  15:18  Marine x6  
  97  15:20  Marauder  
  97  15:21  SCV  
  80  15:36  Marauder x3  
  80  15:37  Starport Tech Lab, Siege Tank  
  80  15:38  Starport Reactor  
  80  15:40  Marine x4  
  80  15:41  Marine x2  
  80  15:42  Marauder  
  95  15:44  Viking  
  94  15:58  Marauder x3, Marine x4  
  94  16:03  Marauder  
  73  16:16  Marine x3  
Tags
 
Add a new tag
Caveats
  • Supply blocks, unpowered buildings, or Contaminate may cause inaccurate times.
  • Supply counts are checked every 10 seconds.